cohdb
Replays
Latest Replays
All Replays
Popular Replays
Top Player Replays
Match Explorer
How It Works
Community
CoH3 Stats
Reddit
Sign in to upload your games and track your stats! →
Sign in with Steam
Match 42083624
Unlisted
Match 42083624
Overview
Messages
Build Orders
End
Panzergrenadier Squad
250 Light Carrier
Panzergrenadier Squad
Selects Armored Support Battlegroup
Selects Armored Support Battlegroup
Panzergrenadier Squad
Construct Light Support Kompanie
Selects Salvage Kits
MG34 Team
2.5-tonne Medical Truck
Fire Support Elements
Pak 38 Mechanized Group
Combat Half-tracks
Flakvierling Half-track
Vehicle Survival Package
Construct Panzerarmee Kommand
Selects Veteran Gunners
Selects Flammpanzer III Medium Tank
Flammpanzer III Medium Tank
UH|dun! ツ
UH|ck
indu
ulm
0
0
Comments
sign in to comment!
No comments posted yet!